 Dungeon Crawl Stone Soup version 0.32-a0-543-gefe97123c3 (webtiles) character file.

Game seed: 11825754331841548244

49 GordonOverkill the Sneak (level 3, -1/29 HPs)
             Began as a Coglin Delver on Feb 29, 2024.
             Was an Initiate of Trog.
             Slain by a mummy (9 damage)
             ... in an ossuary.
             The game lasted 00:06:09 (1277 turns).

GordonOverkill the Sneak (Coglin Delver)            Turns: 1277, Time: 00:06:10

Health: -1/29      AC:  8    Str: 14    XL:     3   Next: 75%
Magic:  3/3        EV:  7    Int:  9    God:    Trog [......]
Gold:   28         SH:  0    Dex: 15    Spells: 2/2 levels left

rFire   . . .        a - +0 hand axe {Francisca}
rCold   . . .        k - +0 hand axe {Tenoch}
rNeg    . . .        o - +0 chain mail
rPois   .            (no helmet)
rElec   .            b - scarf {shadows}
rCorr   .            (no gloves)
SInv    .            (no boots)
Will    .....        (no amulet) Stlth
                     (ring unavailable)
HPRegen 0.24/turn    (ring unavailable)
MPRegen 0.08/turn

%: no passive effects
@: revved
A: off-hand wielding, slow wielding, warmup strikes, no rings
a: Renounce Religion


You were in an ossuary.
You worshipped Trog.
Trog was noncommittal.
You visited 2 branches of the dungeon, and saw 6 of its levels.
You also visited: Ossuary.

You collected 100 gold pieces.
You spent 72 gold pieces at shops.

Inventory:

Hand Weapons
 a - a +0 hand axe (weapon) {Francisca}
 k - a +0 hand axe (offhand) {Tenoch}
Armour
 b - a scarf of shadows (worn)
 n - a +0 leather armour of cold resistance
 o - a +0 chain mail (worn)
Wands
 g - a wand of digging (3)
Scrolls
 c - 2 scrolls of fog
 d - a scroll of revelation
 e - 2 scrolls of fear
 h - a scroll of vulnerability {unknown}
 j - a scroll of teleportation {unknown}
 l - a scroll of torment {unknown}
 m - a scroll of immolation
Potions
 f - a potion of haste
 i - a potion of enlightenment {unknown}


   Skills:
 - Level 3.0 Fighting
 + Level 4.0 Axes
 - Level 1.7 Dodging
 - Level 4.1 Stealth


You had 2 spell levels left.
You didn't know any spells.
Your spell library contained the following spells:

 Spells                   Type           Power      Damage    Failure   Level
 Inner Flame              Hex/Fire       0%         N/A       100%        3
 Flame Wave               Conj/Fire      0%         2d4       100%        4
 Sticky Flame             Fire/Alch      0%         2d4       100%        4


Dungeon Overview and Level Annotations

Branches:
Dungeon (8/15)             Temple (1/1) D:6         Ossuary (1/1)
   Lair: D:8-11

Altars:
Cheibriados
Elyvilon
Fedhas
Gozag
Kikubaaqudgha
Makhleb
Nemelex Xobeh
Qazlal
Trog
Uskayaw
Vehumet
Wu Jian
Yredelemnul
Zin
The Shining One

Shops:
D:4 ?   D:7 *(


Innate Abilities, Weirdness & Mutations

You can wield a second weapon in your off-hand.
It takes a long time for you to wield or remove held weapons.
Your first few attacks do less damage.
Your grasper-arms cannot wear rings.


Message History

You hit the orc zombie with your +0 hand axe.
You hit the orc zombie with your +0 hand axe.
You destroy the orc zombie!
Trog accepts your kill.
You barely miss the kobold zombie with your +0 hand axe.
You hit the kobold zombie with your +0 hand axe.
The kobold zombie closely misses you.
Your Axes skill increases to level 4!
You hit the kobold zombie with your +0 hand axe.
The kobold zombie is severely damaged.
You hit the kobold zombie with your +0 hand axe.
The kobold zombie hits you but does no damage.
You slash the kobold zombie with your +0 hand axe!
You destroy the kobold zombie!
Trog accepts your kill. The mummy closely misses you. The mummy hits you.
You closely miss the mummy with your +0 hand axe.
You hit the mummy with your +0 hand axe.
You barely miss the mummy with your +0 hand axe. x2
The mummy hits you.
You are too injured to fight recklessly!
You are too injured to fight recklessly!
You closely miss the mummy with your +0 hand axe.
The mummy is moderately damaged.
You hit the mummy with your +0 hand axe. x2
You hit the mummy but do no damage. The mummy hits you!
* * * LOW HITPOINT WARNING * * *
You hit the mummy with your +0 hand axe.
The mummy is severely damaged.
You hit the mummy with your +0 hand axe. x3
The mummy hits you.
* * * LOW HITPOINT WARNING * * *
The mummy barely misses you.
You hit the mummy with your +0 hand axe.
The mummy is severely damaged.
You barely miss the mummy with your +0 hand axe.
You hit the mummy but do no damage.
You closely miss the mummy with your +0 hand axe.
The mummy hits you!
You die...

......#
#...Z#
#....#
#....#
#....#
#....#
#....#
#MM..#
#@...#
#.∩∩.#
######


You could see 2 mummies.

Vanquished Creatures
  A hound (D:6)
  A ribbon worm (D:5)
  4 orcs (D:5)
  A goblin (D:4)
  A hobgoblin (D:4)
  4 hobgoblin zombies (Ossuary)
  2 kobold zombies (Ossuary)
  An orc zombie (Ossuary)
15 creatures vanquished.

Notes
Turn   | Place    | Note
-------+----------+-------------------------------------------
     0 | D:5      | GordonOverkill the Coglin Delver began the quest for the
                  | Orb.
     0 | D:5      | Reached XP level 1. HP: 18/18 MP: 1/1
     6 | D:6      | Noticed a jelly
    40 | D:7      | Found Feus's Weapon Shop.
   113 | D:8      | Noticed a two-headed ogre
   247 | D:7      | Found Iggieh's Neck Hole.
   382 | D:5      | Noticed a bombardier beetle
   421 | D:5      | Noticed a hound
   624 | D:6      | Noticed a hound
   630 | D:6      | Killed a hound
   631 | D:6      | Reached XP level 2. HP: 24/24 MP: 2/2
   631 | D:6      | Reached XP level 3. HP: 29/29 MP: 3/3
   678 | D:6      | Found a staircase to the Ecumenical Temple.
   684 | Temple   | Entered the Ecumenical Temple
   698 | Temple   | Became a worshipper of Trog the Wrathful
   895 | D:5      | Noticed a scorpion
   983 | D:5      | Noticed a scorpion
   990 | D:4      | Found Cianuz's Magic Scroll Emporium.
  1065 | D:4      | Bought a scroll of fear for 48 gold pieces
  1065 | D:4      | Bought a scroll of identify for 24 gold pieces
  1126 | D:4      | Noticed a scorpion
  1183 | D:4      | Found a sand-covered staircase.
  1187 | Ossuary  | Entered an ossuary
  1277 | Ossuary  | Slain by a mummy

Illustrated notes

Levels and vault maps discovered:
D:4:      layout_loops_corners, enter_ossuary_5, serial_shops,
          nicolae_shop_peninsula, eino_curves_03, grunt_ministairs_3,
          minivault_4
D:5:      layout_basic, gammafunk_ghost_grave, st_stairs_9
D:6:      layout_loops_ring, grunt_temple_overflow_open,
          minmay_temple_entry_gardened_gates, uniq_edmund, uniq_maggie,
          uniq_crazy_yiuf_cottage
D:7:      layout_cave_pods, mainiacjoe_overflow_small_starburst, serial_shops,
          shop, nicolae_lakefront_shop, shop, nicolae_stop_n_shop_2,
          nicolae_shop_sticking_my_neck_out
D:8:      layout_loops_corners, serial_shops, shop
Temple:   nicolae_temple_bog_church
Ossuary:  ossuary_tomb_3

Skill      XL: |  1  2  3 |
---------------+----------+-----
Axes           | 3 4 |  4.0
Fighting       | |  3.0
Dodging        | |  1.7
Stealth        | |  4.1

Action                     || total
---------------------------++-------
  Melee: Hand axe          ||    94
    Use: Potion            ||     1
         Scroll            ||     4
 Armour: Leather armour    ||    21
         Chain mail        ||    11
  Dodge: Dodged            ||    14

Table legend: (Time is in decaauts)
 A = Elapsed time spent in this place.
 B = Non-inter-level travel time spent in this place.
 C = Inter-level travel time spent in this place.
 D = Time resting spent in this place.
 E = Time spent auto-exploring this place.
 F = Levels seen in this place.
 G = Mean time per level.
                   A        B        C        D        E       F      G
               +--------+--------+--------+--------+--------+-----+--------+
         Total |   1294 |   1223 |     71 |    206 |      0 |   7 |  184.9 |
       Dungeon |   1174 |   1116 |     58 |    180 |      0 |   5 |  234.8 |
        Temple |     28 |     15 |     13 |      0 |      0 |   1 |   28.0 |
       Ossuary |     91 |     91 |      0 |     26 |      0 |   1 |   91.0 |
               +--------+--------+--------+--------+--------+-----+--------+

Top non-repeatable levels by time:
     D:5: 514 daAuts
     D:4: 210 daAuts
     D:6: 206 daAuts
     D:7: 175 daAuts
 Ossuary: 91 daAuts
     D:8: 68 daAuts
  Temple: 28 daAuts
